 Dungeon Crawl Stone Soup version 0.19-a0-816-geccf914 (webtiles) character file.

3389 Musica the Archer (level 9, -9/79 HPs)
             Began as a Minotaur Hunter on June 29, 2016.
             Was a Believer of Hepliaklqana.
             Mangled by dracos369's ghost (35 damage)
             ... on level 9 of the Dungeon.
             The game lasted 00:30:49 (6774 turns).

Musica the Archer (Minotaur Hunter)                 Turns: 6774, Time: 00:30:50

Health: -9/79      AC: 10    Str: 14    XL:     9   Next: 74%
Magic:  11/11      EV: 11    Int:  8    God:    Hepliaklqana [**....]
Gold:   440        SH:  0    Dex: 14    Spells: 0 memorised, 8 levels left

rFire  . . .     SeeInvis .     A - +4 mace of Grace {flame, +Rage rN+ Str-3}
rCold  . . .     Gourm    .     s - +2 ring mail {rPois}
rNeg   + . .     Faith    .     (no shield)
rPois  +         Spirit   .     o - +0 hat
rElec  .         Dismiss  .     D - +1 cloak
rCorr  .         Reflect  .     (no gloves)
SustAt .         Harm     .     i - +0 pair of boots
MR     .....                    (no amulet)
Stlth  +.........               (no ring)
                                (no ring)

@: not resistant to hostile enchantments, very unstealthy
A: retaliatory headbutt, horns 2
a: Ancestor Life: Knight, Ancestor Life: Battlemage, Ancestor Life: Hexer,
Recall Ancestor, Ancestor Identity, Renounce Religion, Evoke Berserk Rage


You were on level 9 of the Dungeon.
You worshipped Hepliaklqana.
Hepliaklqana was pleased with you.
You were not hungry.

You visited 2 branches of the dungeon, and saw 10 of its levels.

You collected 440 gold pieces.

Inventory:

Hand Weapons
 a - a +1 shortbow
 p - a +4 quarterstaff of chaos
 A - the +4 mace of Grace (weapon) {flame, +Rage rN+ Str-3}
   (You found it on level 4 of the Dungeon)

   It has been specially enchanted to burn those struck by it, causing extra
   injury to most foes and up to half again as much damage against particularly
   susceptible opponents.
   It affects your strength (-3).
   It protects you from negative energy.
   It lets you go berserk.
 C - a +0 lajatang
 K - a cursed +3 dire flail of freezing
 L - a +2 dire flail
 P - a +1 demon trident of electrocution
Missiles
 d - 133 arrows
 m - 50 poisoned needles
 z - 3 needles of sleeping
Armour
 i - a +0 pair of boots (worn)
 j - a +0 buckler
 o - a +0 hat (worn)
 r - a +0 cloak
 s - a +2 ring mail of poison resistance (worn)
 y - a +0 leather armour of fire resistance
 D - a +1 cloak (worn)
Jewellery
 h - an uncursed amulet of harm
 B - an uncursed ring of magical power
 H - an uncursed ring of sustain attributes
 M - an uncursed ring of protection from fire
Wands
 e - a wand of lightning (0/15)
 t - a wand of disintegration (12/24)
 u - a wand of disintegration (0/24)
 w - a wand of flame (22/48)
 x - a wand of enslavement (13/24)
 E - a wand of lightning (5/15)
Scrolls
 c - 4 scrolls of teleportation
 g - 3 scrolls of fog
 v - 5 scrolls of remove curse
 F - 5 scrolls of identify
 G - a scroll of blinking
 I - a scroll of fear
 J - a scroll of magic mapping
Potions
 k - 2 potions of cancellation
 l - 7 potions of curing
 q - 3 potions of might
Books
 b - a Fen Folio

   Spells                             Type                      Level
   a - Corpse Rot                     Necromancy                   2
   b - Stone Arrow                    Conjuration/Earth            3
   c - Leda's Liquefaction            Hexes/Earth                  4
   d - Summon Forest                  Summoning/Translocation      5
   e - Hydra Form                     Transmutation                6
   f - Summon Hydra                   Summoning                    7
Comestibles
 f - 5 bread rations
 n - 2 meat rations
 N - 2 chunks of flesh
 O - a beef jerky


   Skills:
 + Level 7.1 Fighting
   Level 1.2(2.9) Axes
 + Level 4.1(4.3) Maces & Flails
 - Level 0.5(2.6) Staves
 + Level 12.5 Bows
 - Level 2.1 Dodging
 - Level 0.7 Stealth
 * Level 4.7 Invocations


You had 8 spell levels left.
You didn't know any spells.

Dungeon Overview and Level Annotations

Branches:
Dungeon (9/15)             Temple (1/1) D:4
   Lair: D:8-11         Orc: D:9-12

Altars:
Ashenzari
Cheibriados
Dithmenos
Elyvilon
Fedhas
Gozag
Hepliaklqana
Kikubaaqudgha
Makhleb
Nemelex Xobeh
Okawaru
Pakellas
Qazlal
Ru
Sif Muna
Trog
Uskayaw
Vehumet
Xom
Yredelemnul
Zin
The Shining One

Annotations:
D:9 dracos369's ghost, novice OgBe


Innate Abilities, Weirdness & Mutations

You reflexively headbutt those who attack you in melee.
You have a pair of horns on your head.


Message History

A - the +4 mace of Grace (weapon)
{flame, +Rage rN+ Str-3} Dracos369's ghost barely misses you.
You furiously retaliate!
You headbutt dracos369's ghost! You closely miss dracos369's ghost.
Dracos369's ghost is moderately damaged.
Amurritum hits dracos369's ghost.
Dracos369's ghost hits you!!
Amurritum closely misses dracos369's ghost.
You barely miss dracos369's ghost.
Dracos369's ghost is heavily damaged.
Dracos369's ghost hits you!!
Amurritum closely misses dracos369's ghost.
You hit dracos369's ghost.
Dracos369's ghost is heavily damaged.
Dracos369's ghost hits you.
Amurritum barely misses dracos369's ghost.
You hit dracos369's ghost but do no damage.
Dracos369's ghost is heavily damaged.
Dracos369's ghost keens inconsolably.
Dracos369's ghost hits you!!
You die...

##########..................
............................
....................#####...
........#############...#...
........#...............#...
........#..R............#...
....(...##'##...........#...
............#...........#...
..........R@#...........#...
#####......W#.###########...
#.......### ..........
#......... ..........
#.......... ###.......
#........... #.......
#.........## #.......
...<>...(.' #.......
#.......


You could see the friendly Amurritum the ancestor and dracos369's ghost.

Vanquished Creatures
  The ghost of Musica the Cudgeler, an amateur TrMo (D:3)
  A hungry ghost (D:3)
  A hippogriff (D:7)
  An orc warrior (D:7)
  A sky beast (D:7)
  2 phantoms
  2 centaurs (D:8)
  2 ogres
  2 giant frogs (D:6)
  2 scorpions
  5 wights (D:8)
  A howler monkey (D:6)
  2 jellies (D:7)
  2 crimson imps (D:8)
  A quasit (D:8)
  3 hounds
  Crazy Yiuf (D:3)
  A giant frog skeleton (D:5)
  3 orc wizards
  A centaur skeleton (D:8)
  2 iguanas
  A killer bee zombie (D:6)
  A hound skeleton (D:5)
  Robin (D:2)
  15 adders
  A howler monkey skeleton (D:5)
  A shadow imp (D:9)
  An adder skeleton (D:5)
  2 worms
  2 dart slugs
  4 giant geckos
  12 orcs
  6 bats
  4 giant cockroaches
  14 goblins
  8 hobgoblins
  11 jackals
  4 quokkas
  A ball python (D:6)
  4 giant newts
  4 kobolds
  5 rats
139 creatures vanquished.

Vanquished Creatures (collateral kills)
  A hippogriff (D:8)
  Menkaure (D:6)
  An eye of draining (D:6)
  A sky beast (D:5)
  2 ogres (D:7)
  2 giant frogs (D:6)
  A scorpion (D:9)
  A howler monkey (D:6)
  3 crimson imps
  A jelly (D:9)
  2 worker ants
  2 adders
  2 orcs (D:5)
  A giant cockroach (D:7)
  3 jackals
  A quokka (D:4)
25 creatures vanquished.

Grand Total: 164 creatures vanquished

Notes
Turn   | Place    | Note
--------------------------------------------------------------
     0 | D:1      | Musica the Minotaur Hunter began the quest for the Orb.
     0 | D:1      | Reached XP level 1. HP: 18/18 MP: 0/0
   691 | D:2      | Reached XP level 2. HP: 17/25 MP: 1/1
   815 | D:2      | Reached skill level 5 in Bows
   816 | D:2      | Found a snail-covered altar of Cheibriados.
   938 | D:2      | Reached XP level 3. HP: 19/30 MP: 2/2
  1220 | D:2      | Noticed Robin
  1237 | D:2      | Killed Robin
  1237 | D:2      | Reached skill level 6 in Bows
  1237 | D:2      | Reached XP level 4. HP: 20/37 MP: 3/3
  1278 | D:2      | Found a bloodstained altar of Trog.
  1421 | D:2      | Found a sacrificial altar of Ru.
  1814 | D:4      | Found a sparkling altar of Nemelex Xobeh.
  1829 | D:4      | Reached XP level 5. HP: 42/44 MP: 4/4
  1893 | D:3      | Noticed Musica's ghost (amateur TrMo)
  1919 | D:3      | Killed Musica's ghost
  1919 | D:3      | Reached skill level 7 in Bows
  1919 | D:3      | Reached XP level 6. HP: 6/51 MP: 5/5
  2287 | D:3      | Reached skill level 1 in Axes
  2316 | D:3      | Found a runed door.
  2320 | D:3      | Noticed Crazy Yiuf
  2328 | D:3      | Killed Crazy Yiuf
  2328 | D:3      | Reached skill level 8 in Bows
  2481 | D:3      | Noticed a hungry ghost
  2512 | D:3      | Killed a hungry ghost
  2820 | D:5      | Entered Level 5 of the Dungeon
  2852 | D:4      | Found a staircase to the Ecumenical Temple.
  2891 | Temple   | Entered the Ecumenical Temple
  3038 | Temple   | Became a worshipper of Hepliaklqana
  3174 | D:4      | Reached XP level 7. HP: 57/57 MP: 6/6
  3187 | D:4      | Got a scorched mace
  3429 | D:5      | Identified the +4 mace of Grace {flame, +Rage rN+ Str-3} (You found it on level 4 of the Dungeon)
  3599 | D:5      | Reached skill level 9 in Bows
  3610 | D:5      | Reached skill level 1 in Invocations
  4095 | D:6      | Reached skill level 10 in Bows
  4095 | D:6      | Reached XP level 8. HP: 64/66 MP: 8/8
  4122 | D:6      | Reached skill level 1 in Maces & Flails
  4300 | D:6      | Noticed Menkaure
  4310 | D:6      | Killed Menkaure
  4511 | D:6      | Reached skill level 5 in Fighting
  5168 | D:7      | Reached skill level 11 in Bows
  5204 | D:7      | Reached * piety under Hepliaklqana
  5283 | D:7      | Reached XP level 9. HP: 65/74 MP: 10/10
  5309 | D:7      | Found an oddly glowing altar of Pakellas.
  6167 | D:8      | Reached skill level 12 in Bows
  6245 | D:8      | Found a burning altar of Makhleb.
  6582 | D:8      | Reached ** piety under Hepliaklqana
  6767 | D:9      | Noticed dracos369's ghost (novice OgBe)
  6774 | D:9      | Mangled by dracos369's ghost

Vault maps used:
D:1:      dpeg_arrival_stone_temple_mockup, hangedman_glass_teeth
D:2:      old_standard_altar, cheibriados_altar_1, marbit_many_paths, uniq_robin
D:3:      minmay_misc_feat_hallway, uniq_crazy_yiuf_cottage
D:4:      nemelex_xobeh_ov_fountains_minmay, corexii_corridor_pit
D:5:      first_bread
D:6:      nicolae_zen_rock_garden, uniq_menkaure
D:7:      grunt_pakellas_basics, kennysheep_opposing_triangles
D:8:      lemuel_crystal_altar
Temple:   eino_temple_rhombus

Skill      XL: |  1  2  3  4  5  6  7  8  9 |
---------------+----------------------------+-----
Bows           | 5 6 7 8 10 11 12 | 12.5
Fighting       | 3 4 5 7 |  7.1
Axes           | 1 |  1.2
Invocations    | 2 3 4 |  4.7
Maces & Flails | 2 4 |  4.1
Staves         | |  0.5
Dodging        | |  2.1
Stealth        | |  0.7

Action                   |  1- 3 |  4- 6 |  7- 9 || total
-------------------------+-------+-------+-------++-------
Melee: Short sword       |     6 |       |       ||     6
       Headbutt          |     1 |    10 |    23 ||    34
       War axe           |       |    41 |       ||    41
       Quarterstaff      |       |    13 |     8 ||    21
       Mace              |       |       |   157 ||   157
       Demon trident     |       |       |     5 ||     5
 Fire: Shortbow          |    97 |    94 |   121 ||   312
Evoke: Wand              |       |       |    14 ||    14
  Use: Scroll            |     4 |     4 |     7 ||    15
       Potion            |     4 |     4 |     5 ||    13
  Eat: Chunk             |     1 |     9 |     8 ||    18
       Fruit             |       |     2 |       ||     2
       Beef jerky        |       |       |     1 ||     1
       Pizza             |       |       |     1 ||     1
Armor: Leather armour    |    12 |     1 |       ||    13
       Ring mail         |       |    33 |    84 ||   117
       Skin              |       |    29 |       ||    29
Dodge: Dodged            |    32 |    70 |   130 ||   232
